 Dungeon Crawl Stone Soup version 0.17-a0-1951-g62301d3 (webtiles) character file.

140 glosham the Skirmisher (level 4, 0/41 HPs)
             Began as a Demigod Skald on Oct 2, 2015.
             Killed from afar by an orc wizard (7 damage)
             ... with a magic dart
             ... on level 3 of the Dungeon.
             The game lasted 00:28:01 (1572 turns).

glosham the Skirmisher (Demigod Skald)              Turns: 1572, Time: 00:28:01

Health: 0/41       AC:  3    Str: 17    XL:     4   Next: 72%
Magic:  6/9        EV: 11    Int: 25    God:
Gold:   144        SH:  0    Dex: 15    Spells: 1 memorised, 3 levels left

rFire  . . .     SeeInvis .     a - +1 short sword (elec)
rCold  . . .     Clarity  .     X - +0 leather armour
rNeg   + . .     SustAt   +     (no shield)
rPois  .         Gourm    .     U - -1 helmet of the Equator {rN+} (curse)
rElec  .         Spirit   .     (no cloak)
rCorr  .         Warding  .     (no gloves)
rMut   .         Stasis   .     (no boots)
MR     .....                    z - amulet of inaccuracy (curse)
Stlth  +.........               B - +4 ring of intelligence
                                A - ring of invisibility

@: brilliant, regenerating, not resistant to hostile enchantments, very
unstealthy
A: high mp 1, sustain attributes
a: Evoke Invisibility


You were on level 3 of the Dungeon.
You were not hungry.

You visited 1 branch of the dungeon, and saw 3 of its levels.

You collected 144 gold pieces.

Inventory:

Hand weapons
 a - a +1 short sword of electrocution (weapon)
 b - a +0 hand axe
Missiles
 l - 2 javelins (quivered)
 o - 23 bolts
Armour
 U - the cursed -1 helmet of the Equator (worn) {rN+}
   (You took it off Robin on level 2 of the Dungeon)

   It protects you from negative energy.
   It has a curse placed upon it.
 X - a +0 leather armour (worn)
Jewellery
 i - a +3 ring of intelligence
 z - a cursed amulet of inaccuracy (around neck)
 A - a ring of invisibility (left hand)
 B - a +4 ring of intelligence (right hand)
 D - an uncursed ring of protection from fire
 M - an uncursed ring of protection from magic
Magical devices
 e - a wand of slowing (21)
Potions
 n - a potion of cancellation
 p - a potion of flight
Books
 f - a book of Battle

   Spells                             Type                      Level
   a - Infusion                       Charms                       1
   b - Shroud of Golubria             Charms/Translocation         2
   c - Song of Slaying                Charms                       2
   d - Spectral Weapon                Hexes/Charms                 3
   e - Regeneration                   Charms/Necromancy            3
Comestibles
 d - 5 bread rations
 g - a meat ration
 k - 4 chunks of flesh
 r - a beef jerky


   Skills:
 * Level 4.7 Fighting
 - Level 1.7 Axes
 - Level 0.8 Armour
 - Level 0.8 Dodging
 - Level 1.7 Spellcasting
 - Level 2.6 Charms


You had 3 spell levels left.
You knew the following spells:

 Your Spells              Type           Power        Failure   Level  Hunger
r - Regeneration          Chrm/Necr      ###.......   3%          3    ###....


Dungeon Overview and Level Annotations

Branches:
Dungeon (3/15)


Innate Abilities, Weirdness & Mutations

You have an increased reservoir of magic (+10% MP).
Your attributes are resistant to harm.


Message History

The orc hits you with a flail of holy wrath.
You hear a shout!
You barely miss the orc. The orc barely misses you.
The orc hits you with a flail of holy wrath.
An orc wizard comes into view. It is wielding a dagger of protection.
Drink which item? (? for menu, Esc to quit)
You feel agile all of a sudden.
You barely miss the orc. The orc completely misses you.
You closely miss the orc wizard. The orc hits you but does no damage.
The orc wizard casts a spell at you. The magic dart hits you!
* * * LOW HITPOINT WARNING * * *
Drink which item? (? for menu, Esc to quit)
It was a potion of cancellation.
Your magical effects are unravelling.
You feel magically purged.
You feel a little less agile now.
The orc wizard casts a spell.
The orc wizard flickers and vanishes!
Deactivating autopickup; reactivate with Ctrl-A.
The orc barely misses you.
Drink which item? (? for menu, Esc to quit)
It was a potion of brilliance.
You feel clever all of a sudden. Something hits you but does no damage.
The orc closely misses you.
Casting: Regeneration
Confirm with . or Enter, or press ? or * to list all spells.
Your skin crawls.
Something hits you.
* * * LOW HITPOINT WARNING * * *
The orc barely misses you.
Read which item? (? for menu, Esc to quit)
Okay, then.
You miss something. Something hits you but does no damage. The orc misses you.
You hit something but do no damage. Something hits you but does no damage.
The orc closely misses you.
You hit something but do no damage.
You hear some strange, mumbled words.
A magic dart appears from out of thin air!
The magic dart hits you!
You die...

#.#.<.....#
#.####..##..###
#......^.......
#######...#########
#..'...+ ..<..
#.##...#####.########
#.#.....o............
#.#....###.#..#######
#.#....{@oo#..# ######
#.#....###.##.# #.....
#.#<........#.# #.....
#.#.#.#######.# #.....
#.#...........# #.....
##.###.#...##########.....
#.........................
#####.##...##########.....
#......'.......##.....


You could see 2 orcs.

Vanquished Creatures
  A crimson imp (D:3)
  Ijyb (D:2)
  Robin (D:2)
  An adder (D:3)
  2 oozes (D:2)
  A worm (D:2)
  A giant gecko (D:1)
  3 bats
  2 giant cockroaches
  13 goblins
  6 hobgoblins
  2 jackals (D:2)
  2 kobolds
  A quokka (D:3)
  7 giant newts
  4 rats
48 creatures vanquished.

Vanquished Creatures (others)
  A ball python (D:3)
  A giant newt (D:3)
2 creatures vanquished.

Grand Total: 50 creatures vanquished

Notes
Turn   | Place    | Note
--------------------------------------------------------------
     0 | D:1      | glosham the Demigod Skald began the quest for the Orb.
     0 | D:1      | Reached XP level 1. HP: 17/17 MP: 5/5
    45 | D:2      | Reached skill level 2 in Fighting
   153 | D:2      | Noticed Robin
   210 | D:1      | Reached XP level 2. HP: 15/25 MP: 7/7
   455 | D:2      | Reached skill level 3 in Fighting
   953 | D:1      | Reached XP level 3. HP: 25/31 MP: 8/8
   961 | D:1      | Learned a level 3 spell: Regeneration
  1010 | D:2      | Killed Robin
  1023 | D:2      | Got a faintly glowing helmet
  1088 | D:2      | Identified the cursed -1 helmet of the Equator {rN+} (You took it off Robin on level 2 of the Dungeon)
  1230 | D:2      | Noticed Ijyb
  1257 | D:2      | Killed Ijyb
  1257 | D:2      | Reached skill level 4 in Fighting
  1257 | D:2      | Reached XP level 4. HP: 26/40 MP: 9/9
  1433 | D:3      | Found a shadowy altar of Dithmenos.
  1435 | D:3      | Found a stormy altar of Qazlal.
  1437 | D:3      | Found a shimmering altar of Xom.
  1569 | D:3      | HP: 3/41 [something (5)]
  1572 | D:3      | Killed from afar by an orc wizard

Vault maps used:
D:1:      tarquinn_simple_flora_water_d
D:2:      first_bread, minmay_newt_pond, uniq_robin, uniq_iyjb
D:3:      nicolae_overflow_hidden_temple, elyvilon_altar_4

Action                   |  1- 3 |  4- 6 || total
-------------------------+-------+-------++-------
Melee: Hand axe          |   119 |       ||   119
       Short sword       |    37 |    62 ||    99
Throw: Javelin           |     3 |       ||     3
 Cast: Infusion          |     1 |       ||     1
       Regeneration      |     2 |     2 ||     4
  Use: Scroll            |     5 |       ||     5
       Potion            |     3 |     3 ||     6
 Stab: Sleeping          |     1 |       ||     1
  Eat: Chunk             |     2 |     1 ||     3

Table legend:
 A = Turns spent in this place as a percentage of turns spent in the entire game.
 B = Non-inter-level travel turns spent in this place as a percentage of non-inter-level travel turns spent in the entire game.
 C = Inter-level travel turns spent in this place as a percentage of turns spent in this place.
 D = Turns resting spent in this place as a percentage of non-inter-level travel turns spent in this place.
 E = Turns spent auto-exploring this place as a percentage of non-inter-level travel turns spent in this place.
 F = Non-inter-level travel turns spent in this place divided by the number of levels of this place that you've seen.
                   A       B       C       D       E      F
               +-------+-------+-------+-------+-------+----------------------
         Total | 100.0 | 100.0 |   0.2 |   0.5 |   0.0 | 440.7
       Dungeon | 100.0 | 100.0 |   0.2 |   0.5 |   0.0 | 440.7
               +-------+-------+-------+-------+-------+----------------------

Table legend:
 A = Kills in this place as a percentage of kills in entire the game.
 B = Kills by you in this place as a percentage of kills by you in the entire game.
 C = Kills by friends in this place as a percentage of kills by friends in the entire game.
 D = Other kills in this place as a percentage of other kills in the entire game.
 E = Experience gained in this place as a percentage of experience gained in the entire game.
 F = Experience gained in this place divided by the number of levels of this place that you have seen.
                   A       B       C       D       E      F
               +-------+-------+-------+-------+-------+----------------------
         Total | 100.0 | 100.0 |  -nan |  -nan | 100.0 |  67.0
       Dungeon | 100.0 | 100.0 |  -nan |  -nan | 100.0 |  67.0
               +-------+-------+-------+-------+-------+----------------------

Vault maps used:
D:1:      tarquinn_simple_flora_water_d
D:2:      first_bread, minmay_newt_pond, uniq_robin, uniq_iyjb
D:3:      nicolae_overflow_hidden_temple, elyvilon_altar_4
